 Dungeon Crawl Stone Soup version 0.25-a0-614-g73ad250637 (webtiles) character file.

Game seed: 450806363587648796, levelgen mode: deterministic

820 n0claF the Cudgeler (level 7, 0/71 HPs)
             Began as a Troll Fighter on Mar 17, 2020.
             Slain by Edmund
             ... wielding a +0 dire flail of draining
              (1 damage)
             ... on level 5 of the Dungeon.
             The game lasted 00:13:31 (3548 turns).

n0claF the Cudgeler (Troll Fighter)                 Turns: 3548, Time: 00:13:32

Health: 0/71       AC:  6    Str: 27      XL:     7   Next: 63%
Magic:  6/6        EV:  6    Int:  3 (4)  God:
Gold:   283        SH:  7    Dex:  8 (9)  Spells: 6/6 levels left

rFire    . . .     SeeInvis .   r - +1 whip (venom)
rCold    . . .     Gourm    +   c - +0 kite shield
rNeg     . . .     Faith    .   b - +0 robe
rPois    .         Spirit   .   (helmet restricted)
rElec    .         Reflect  .   (no cloak)
rCorr    .         Harm     .   (gloves unavailable)
MR       .....                  (boots unavailable)
Stlth    ++........             (no amulet)
HPRegen  0.61/turn              t - ring of stealth
MPRegen  0.10/turn              (no ring)

@: very heavily drained
A: large, unfitting armour, claws 3, fast metabolism 3, gourmand, regeneration
1, shaggy fur 1, tough skin 3
a: no special abilities


You were on level 5 of the Dungeon.
You were very full.

You visited 1 branch of the dungeon, and saw 5 of its levels.
You also visited: Ossuary.

You collected 283 gold pieces.

Inventory:

Hand Weapons
 r - a +1 whip of venom (weapon)
   (You took it off a kobold on level 2 of the Dungeon)
Armour
 b - a +0 robe (worn)
 c - a +0 kite shield (worn)
Jewellery
 t - a ring of stealth (left claw)
   (You took it off an orc on level 3 of the Dungeon)
 w - an uncursed ring of protection from magic {unknown}
   (You found it on level 4 of the Dungeon)
Wands
 d - a wand of iceblast (8)
   (You found it on level 3 of the Dungeon)
Scrolls
 a - 2 scrolls of amnesia {unknown}
 f - 5 scrolls of remove curse {unknown}
 j - 2 scrolls of fear {unknown}
 k - 3 scrolls of teleportation {unknown}
 m - 7 scrolls of identify {@r1}
 o - a scroll of magic mapping
 q - 2 scrolls of blinking {unknown}
 v - a scroll of enchant weapon {unknown}
 y - a scroll of random uselessness {unknown}
Potions
 g - a potion of ambrosia {unknown}
 h - 3 potions of cancellation
 i - 3 potions of haste {@q3}
 l - 3 potions of brilliance
 n - 2 potions of berserk rage {unknown}
 p - a potion of flight
 s - 2 potions of curing {unknown}
 u - a potion of might
Comestibles
 e - 12 rations {!d}
 x - 4 chunks of flesh


   Skills:
 + Level 4.7(1.4) Fighting
   Level 3.3(1.3) Axes
 * Level 5.4(2.6) Maces & Flails
 - Level 2.4(0.0) Dodging
 - Level 2.4(0.0) Shields


You had 6 spell levels left.
You didn't know any spells.
Your spell library was empty.

Dungeon Overview and Level Annotations

Branches:
Dungeon (5/15)            Ossuary (visited)
 Temple: D:4-7

Altars:
Ashenzari
Dithmenos
Okawaru

Annotations:
D:5 Edmund


Innate Abilities, Weirdness & Mutations

You are too large for most types of armour.
You have claws for hands.
Your metabolism is lightning-fast.
You like to eat raw meat.
Your natural rate of healing is unusually fast.
You are covered in fur. (AC +1)
You have extremely tough skin. (AC +3)


Message History

Edmund hits you with a +0 dire flail of draining!
You feel drained.
You hit Edmund but do no damage.
Edmund hits you with a +0 dire flail of draining.
You feel drained.
You hit Edmund.
Edmund looks as sick as possible!
You hit Edmund.
Edmund looks as sick as possible!
You block Edmund's attack.
You barely miss Edmund.
Edmund hits you with a +0 dire flail of draining.
You feel drained.
You hit Edmund but do no damage.
Edmund looks as sick as possible!
Edmund drinks a potion.
Edmund is healed!
You barely miss Edmund.
Edmund hits you with a +0 dire flail of draining!
You feel drained.
* * * LOW HITPOINT WARNING * * *
You are too injured to fight recklessly!
Edmund hits you with a +0 dire flail of draining.
* * * LOW HITPOINT WARNING * * *
You feel drained.
You hit Edmund but do no damage.
Edmund hits you with a +0 dire flail of draining!
* * * LOW HITPOINT WARNING * * *
You feel drained.
* * * LOW HITPOINT WARNING * * *
You hit Edmund.
Edmund drinks a potion.
Edmund is healed!
You hit Edmund.
Edmund looks as sick as possible!
Edmund hits you with a +0 dire flail of draining.
* * * LOW HITPOINT WARNING * * *
You feel drained.
* * * LOW HITPOINT WARNING * * *
You hit Edmund.
Edmund hits you with a +0 dire flail of draining!
* * * LOW HITPOINT WARNING * * *
You feel drained.
* * * LOW HITPOINT WARNING * * *
Here: Edmund, wielding a +0 dire flail of draining and wearing a +0 scale mail (moderately wounded, extremely poisoned)
The floor, spattered with blood.
It was a potion of brilliance.
You feel clever all of a sudden. You block Edmund's attack.
It was a potion of cancellation.
Your magical effects are unravelling.
You feel magically purged.
You feel a little less clever now.
Edmund says, "Everyone always remembers my brother. 'Who's Edmund?' they ask!"
Edmund hits you with a +0 dire flail of draining.
* * * LOW HITPOINT WARNING * * *
You feel drained.
You die...

### ... ##.# #.#.[#######
#. #.#.@@......
#.##.#..####### #.##.#..#
#.##.#..#### #.##.#.....#
#.##.##[##.######
#[##............# .#####
###..'†...##.####.#
......##...##....#.......#


You could see Edmund.

Vanquished Creatures
  A sky beast (D:5)
  An ogre (D:4)
  A human zombie (Ossuary)
  3 centaur zombies (Ossuary)
  2 orc priests (D:5)
  A hound (D:4)
  Natasha (thrice) (D:3)
  An orc wizard (D:5)
  A worker ant (D:5)
  The ghost of Flugslaktarn the Skirmisher, a weakling MiFi (D:3)
  A big kobold zombie (Ossuary)
  2 mummies (Ossuary)
  Robin (D:3)
  3 adders
  6 gnolls
  An adder zombie (Ossuary)
  3 worms
  A dart slug (D:3)
  4 leopard geckos
  11 orcs
  4 giant cockroaches
  21 goblins
  13 hobgoblins
  3 jackals (D:1)
  2 quokkas (D:2)
  2 ball pythons (D:3)
  8 bats
  3 frilled lizards
  6 hobgoblin zombies (Ossuary)
  12 kobolds
  13 kobold zombies (Ossuary)
  10 orc zombies (Ossuary)
  6 rats
  A rat zombie (Ossuary)
152 creatures vanquished.

Notes
Turn   | Place    | Note
-------+----------+-------------------------------------------
     0 | D:1      | n0claF the Troll Fighter began the quest for the Orb.
     0 | D:1      | Reached XP level 1. HP: 22/22 MP: 0/0
   362 | D:1      | Reached XP level 2. HP: 29/29 MP: 1/1
   901 | D:2      | Reached XP level 3. HP: 36/36 MP: 2/2
  1391 | D:2      | Reached XP level 4. HP: 40/45 MP: 3/3
  1483 | D:2      | Found an iron altar of Okawaru.
  1589 | D:3      | Found a runed translucent door.
  1589 | D:3      | Noticed Flugslaktarn's ghost (weakling MiFi)
  1611 | D:3      | Killed Flugslaktarn's ghost
  1674 | D:3      | Reached skill level 1 in Maces & Flails
  1680 | D:3      | Noticed Natasha
  1691 | D:3      | Killed Natasha
  1691 | D:3      | Reached XP level 5. HP: 46/53 MP: 4/4
  1705 | D:3      | Found a shadowy altar of Dithmenos.
  1712 | D:3      | Noticed Natasha
  1719 | D:3      | Killed Natasha
  1719 | D:3      | Reached skill level 2 in Maces & Flails
  1761 | D:3      | Noticed Robin
  1821 | D:3      | Killed Robin
  1953 | D:3      | Noticed Natasha
  1972 | D:3      | Killed Natasha
  1983 | D:3      | Reached XP level 6. HP: 51/62 MP: 5/5
  1988 | D:3      | Reached skill level 3 in Maces & Flails
  2520 | D:4      | Found a sand-covered staircase.
  2529 | Ossuary  | Entered an ossuary
  2721 | Ossuary  | Reached skill level 4 in Maces & Flails
  2739 | Ossuary  | Reached XP level 7. HP: 25/70 MP: 6/6
  3341 | D:5      | Entered Level 5 of the Dungeon
  3373 | D:5      | Reached skill level 5 in Maces & Flails
  3514 | D:5      | Found a shattered altar of Ashenzari.
  3522 | D:5      | Noticed Edmund
  3546 | D:5      | HP: 3/71 [Edmund/+0 dire flail of draining (4)]
  3548 | D:5      | HP: 1/71 [Edmund/+0 dire flail of draining (3)]
  3548 | D:5      | Slain by Edmund

Levels and vault maps discovered:
D:1:      saegor_arrival_simple_c, layout_basic, minivault_11,
          kennysheep_doodads, hangedman_decor_riveting
D:2:      layout_loops_ring, okawaru_altar_gauntlet_db
D:3:      layout_loops_ring, nicolae_dithmenos_shadow_blocks,
          gammafunk_ghost_grave, uniq_natasha, uniq_robin
D:4:      layout_basic, chequers_ossuary_entry_cave
D:5:      layout_basic, gammafunk_ghost_grave, first_ration, serial_shops, shop,
          nicolae_shop_statue_plus, basic_altar, corexii_checkpoint_a,
          uniq_edmund, uniq_blork_the_orc

Skill      XL: |  1  2  3  4  5  6  7 |
---------------+----------------------+-----
Axes           | 2 3 |  3.3
Fighting       | 3 4 |  4.7
Maces & Flails | 1 2 4 5 |  5.4
Dodging        | |  2.4
Shields        | |  2.4

Action                   |  1- 3 |  4- 6 |  7- 9 || total
-------------------------+-------+-------+-------++-------
Melee: War axe           |   149 |    19 |       ||   168
       Whip              |       |   318 |    91 ||   409
  Use: Potion            |       |     5 |     2 ||     7
       Scroll            |       |     2 |       ||     2
 Stab: Sleeping          |     1 |     2 |     1 ||     4
  Eat: Chunk             |    19 |     9 |    11 ||    39
Armor: Robe              |    85 |   113 |    22 ||   220
Dodge: Dodged            |    70 |   115 |    11 ||   196
Block: Kite shield       |    67 |   152 |    31 ||   250

Table legend:
 A = Non-vault XP
 B = Vault XP
 C = Vault XP percentage of total XP
 D = Non-vault monster count
 E = Vault monster count
 F = Vault count percentage of total count
                 A         B        C        D         E       F
            +---------+---------+-------+---------+---------+-------
      Total |     766 |     406 |  34.6 |      93 |      59 |  38.8
            +---------+---------+-------+---------+---------+-------
        D:1 |      33 |       0 |   0.0 |      22 |       0 |   0.0
        D:2 |      64 |      35 |  35.4 |      25 |       6 |  19.4
        D:3 |     217 |      96 |  30.7 |      35 |      15 |  30.0
        D:4 |     163 |       0 |   0.0 |       4 |       0 |   0.0
        D:5 |     289 |       0 |   0.0 |       7 |       0 |   0.0
    Ossuary |       0 |     275 | 100.0 |       0 |      38 | 100.0
            +---------+---------+-------+---------+---------+-------
